 Dungeon Crawl Stone Soup version 0.21.1-1-g345015f (webtiles) character file.

4491 Krilegs the Cleaver (level 10, -7/86 HPs)
             Began as a Hill Orc Fighter on May 7, 2018.
             Was a Believer of Beogh.
             Splashed by a gnoll sergeant's acid (14 damage)
             ... in a bailey.
             The game lasted 00:25:43 (7742 turns).

Krilegs the Cleaver (Hill Orc Fighter)              Turns: 7742, Time: 00:25:50

Health: -7/86      AC: 19    Str: 23    XL:     10   Next: 38%
Magic:  11/11      EV:  6    Int:  8    God:    Beogh [**....]
Gold:   446        SH: 12    Dex: 10    Spells: 9/9 levels left

rFire    . . .     SeeInvis .   a - +1 war axe
rCold    . . .     Gourm    .   c - +1 shield
rNeg     . . .     Faith    .   h - +0 plate armour
rPois    .         Spirit   .   (no helmet)
rElec    .         Reflect  .   r - +2 cloak
rCorr    .         Harm     .   j - +0 pair of gloves
MR       .....                  t - +0 pair of boots (curse)
Stlth    ..........             (no amulet)
HPRegen  0.24/turn              (no ring)
MPRegen  0.12/turn              (no ring)

@: no status effects
A: no striking features
a: Smiting, Renounce Religion


You were in a bailey.
You worshipped Beogh.
Beogh was pleased with you.
You were not hungry.

You visited 1 branch of the dungeon, and saw 7 of its levels.
You also visited: Sewer and Bailey.

You collected 446 gold pieces.

Inventory:

Hand Weapons
 a - a +1 war axe (weapon)
Missiles
 b - 6 tomahawks (quivered)
 u - 3 throwing nets
Armour
 c - a +1 shield (worn)
 h - a +0 plate armour (worn)
 j - a +0 pair of gloves (worn)
 r - a +2 cloak (worn)
 t - a cursed +0 pair of boots (worn)
Wands
 o - a wand of flame (26)
 q - a wand of iceblast (5)
 s - a wand of paralysis (10)
Scrolls
 e - 12 scrolls of identify
 l - a scroll of fog {unknown}
 n - a scroll of enchant armour
 w - 2 scrolls of enchant weapon
 y - a scroll of teleportation
Potions
 i - a potion of cancellation
 k - a potion of berserk rage
 p - a potion of ambrosia {unknown}
Books
 m - a book of Conjurations

   Spells                             Type                      Level
   a - Magic Dart                     Conjuration                  1
   b - Searing Ray                    Conjuration                  2
   c - Dazzling Spray                 Conjuration/Hexes            3
   d - Fulminant Prism                Conjuration/Hexes            4
   e - Force Lance                    Conjuration/Translocation    4
   f - Iskenderun's Mystic Blast      Conjuration                  4
Comestibles
 f - 7 rations


   Skills:
 + Level 7.1 Fighting
 + Level 12.5 Axes
 + Level 0.1 Throwing
 + Level 7.1 Armour
 + Level 1.3 Dodging
 + Level 9.3 Shields
 + Level 1.3 Invocations


You had 9 spell levels left.
You didn't know any spells.

Dungeon Overview and Level Annotations

Branches:
Dungeon (8/15)             Temple (0/1) D:5
   Lair: D:8-11

Altars:
Dithmenos
Elyvilon
Gozag
Hepliaklqana
Kikubaaqudgha
Makhleb
Ru
Vehumet


Message History

Press: ? - help, Shift-Dir - straight line, f - gnoll sergeant
Aim: a gnoll sergeant, wielding a glaive and wearing a chain mail (hasn't noticed you)
The puff of flame hits the gnoll sergeant.
The gnoll sergeant appears unharmed.
The gnoll sergeant shouts!
Aiming: Iceblast
Press: ? - help, Shift-Dir - straight line, p - gnoll sergeant The mass of ice explodes!
The iceblast engulfs the gnoll sergeant.
The gnoll sergeant is lightly wounded.
Aiming: Iceblast
Press: ? - help, Shift-Dir - straight line, f - gnoll sergeant
Aim: a gnoll sergeant, wielding a glaive and wearing a chain mail (lightly wounded)
The mass of ice explodes!
The iceblast engulfs the gnoll sergeant.
The gnoll sergeant is moderately wounded.
The gnoll sergeant zaps a wand.
The bolt of acid hits you!
* * * LOW HITPOINT WARNING * * *
You are splashed with acid!
The acid burns!
You die...

♣≈ #...#.....#≈♣ ♣≈##
#..)#'#####≈♣ ♣≈.#
#.).#.(..#.≈♣
♣≈.######'g'######.≈♣
♣≈.................≈♣
♣≈≈...............≈≈♣
♣♣≈≈≈≈≈≈≈)).≈≈≈≈≈≈≈♣♣
♣♣...............♣♣
♣♣♣.....@.....♣♣♣
♣♣♣♣.......♣♣
♣♣.∩.♣♣♣♣ ♣♣.♣♣ ♣.♣
♣∩♣ ###


You could see a gnoll sergeant.

Vanquished Creatures
  Pikel (D:8)
  Joseph (D:8)
  A spriggan (D:7)
  Eustachio (D:4)
  Grum (D:8)
  Edmund (D:4)
  3 slaves (D:8)
  An orc warrior (D:7)
  Purgy (Sewer)
  3 sky beasts
  3 ogres
  A centaur (D:5)
  4 wolves (D:8)
  3 bullfrogs
  7 gnoll sergeants (Bailey)
  A scorpion (D:5)
  4 wights (D:7)
  A howler monkey (D:7)
  A crimson imp (D:7)
  A bullfrog zombie (D:4)
  4 orc wizards (D:7)
  6 hounds
  4 jellies
  6 gnoll shamans (Bailey)
  An orc priest (D:7)
  A bullfrog skeleton (D:6)
  5 worker ants
  A killer bee zombie (D:6)
  18 gnolls
  6 adders
  A shadow imp (D:6)
  An ooze (D:5)
  2 adder zombies
  3 worms
  2 dart slugs
  3 leopard geckos
  12 orcs
  7 giant cockroaches
  7 goblins
  3 hobgoblins (D:1)
  13 jackals
  3 quokkas
  10 bats
  5 frilled lizards
  6 kobolds
  2 leopard gecko skeletons
  A quokka skeleton (D:5)
  3 rats (D:1)
  A butterfly (D:5)
177 creatures vanquished.

Vanquished Creatures (others)
  An orc priest (D:4)
  An orc (D:4)
2 creatures vanquished.

Grand Total: 179 creatures vanquished

Notes
Turn   | Place    | Note
-------+----------+-------------------------------------------
     0 | D:1      | Krilegs the Hill Orc Fighter began the quest for the Orb.
     0 | D:1      | Reached XP level 1. HP: 19/19 MP: 1/1
    73 | D:1      | Reached skill level 3 in Axes
   326 | D:1      | Reached XP level 2. HP: 23/27 MP: 2/2
   822 | D:1      | Reached XP level 3. HP: 32/33 MP: 3/3
  1226 | D:2      | Found a hazy altar of Hepliaklqana.
  1496 | D:2      | Reached skill level 4 in Axes
  1496 | D:2      | Reached XP level 4. HP: 27/40 MP: 4/4
  1553 | D:2      | You fall through a shaft for 2 floors!
  1816 | D:4      | Noticed Edmund
  1835 | D:4      | Killed Edmund
  1835 | D:4      | Reached XP level 5. HP: 41/46 MP: 5/5
  1865 | D:4      | Found a sand-covered staircase.
  1921 | D:4      | Found a glowing drain.
  1940 | D:4      | Reached skill level 5 in Axes
  1960 | Sewer    | Entered a sewer
  1992 | Sewer    | Noticed Purgy
  2020 | Sewer    | Killed Purgy
  2020 | Sewer    | Reached skill level 5 in Shields
  2020 | Sewer    | Reached XP level 6. HP: 45/53 MP: 6/6
  2302 | D:4      | Found a burning altar of Makhleb.
  2398 | D:4      | Became a worshipper of Beogh the Brigand
  2609 | D:4      | Reached skill level 1 in Dodging
  2612 | D:4      | Reached XP level 7. HP: 12/60 MP: 7/7
  2959 | D:4      | Noticed Eustachio
  3026 | D:4      | Killed Eustachio
  3026 | D:4      | Reached skill level 6 in Axes
  3242 | D:5      | Entered Level 5 of the Dungeon
  3295 | D:5      | Reached skill level 5 in Fighting
  3769 | D:5      | Found a staircase to the Ecumenical Temple.
  3777 | D:5      | Reached skill level 7 in Axes
  3777 | D:5      | Reached skill level 5 in Armour
  3777 | D:5      | Reached XP level 8. HP: 68/68 MP: 8/8
  4600 | D:6      | Reached * piety under Beogh
  4625 | D:6      | Found a shadowy altar of Dithmenos.
  4696 | D:6      | Reached skill level 8 in Axes
  4753 | D:6      | Found a sacrificial altar of Ru.
  4859 | D:6      | Found an opulent altar of Gozag.
  5303 | D:7      | Reached skill level 9 in Axes
  5334 | D:7      | Reached XP level 9. HP: 57/75 MP: 9/9
  5602 | D:7      | Reached skill level 10 in Axes
  5704 | D:7      | Reached ** piety under Beogh
  6323 | D:7      | Found a radiant altar of Vehumet.
  6403 | D:7      | Found a white marble altar of Elyvilon.
  6408 | D:7      | Found a shadowy altar of Dithmenos.
  6410 | D:7      | Found an ancient bone altar of Kikubaaqudgha.
  6743 | D:8      | Noticed Pikel
  6743 | D:8      | Noticed Joseph
  6764 | D:8      | Killed Pikel
  6764 | D:8      | Reached skill level 11 in Axes
  6773 | D:8      | Killed Joseph
  6773 | D:8      | Reached skill level 1 in Invocations
  6807 | D:8      | Noticed Grum
  6816 | D:8      | Reached XP level 10. HP: 66/84 MP: 10/10
  6826 | D:8      | Killed Grum
  6826 | D:8      | Reached skill level 12 in Axes
  6860 | D:8      | Found a flagged portal.
  6900 | Bailey   | Entered a bailey
  7657 | Bailey   | HP: 1/86 [gnoll sergeant/halberd (8)]
  7742 | Bailey   | Splashed by a gnoll sergeant's acid

Skill      XL: |  1  2  3  4  5  6  7  8  9 10 |
---------------+-------------------------------+-----
Axes           | 3 4 5 7 9 11 12 | 12.5
Fighting       | 4 5 6 7 |  7.1
Shields        | 4 5 6 7 8 9 |  9.3
Armour         | 4 5 6 7 |  7.1
Dodging        | 1 |  1.3
Invocations    | 1 |  1.3
Throwing       | |  0.1

Action                   |  1- 3 |  4- 6 |  7- 9 | 10-12 || total
-------------------------+-------+-------+-------+-------++-------
Melee: War axe           |   185 |   183 |   346 |   172 ||   886
Throw: Tomahawk          |       |       |     2 |     1 ||     3
Invok: Convert to Beogh  |       |     1 |       |       ||     1
       Smiting           |       |       |     2 |       ||     2
Evoke: Wand              |       |       |       |     6 ||     6
  Use: Potion            |     7 |     2 |     4 |     4 ||    17
       Scroll            |     2 |     3 |     4 |     2 ||    11
  Eat: Ration            |     1 |     1 |     4 |     1 ||     7
       Chunk             |       |       |     1 |       ||     1
Armor: Scale mail        |   102 |       |       |       ||   102
       Plate armour      |    35 |   191 |   193 |   124 ||   543
Dodge: Dodged            |    61 |    54 |    58 |    63 ||   236
Block: Shield            |   126 |   144 |   198 |   175 ||   643
